 Dungeon Crawl Stone Soup version 0.26.1-11-gd32895ea62 (webtiles) character file.

Game seed: 10479844278873276183

145646 Almogavar the Slayer (level 16, -5/167 HPs)
             Began as a Minotaur Berserker on July 8, 2021.
             Was the Champion of Trog.
             Slain by a salamander
             ... wielding a +0 halberd
              (14 damage)
             ... on level 4 of the Snake Pit.
             The game lasted 01:35:16 (36957 turns).

Almogavar the Slayer (Minotaur Berserker)          Turns: 36957, Time: 01:35:17

Health: -5/167     AC: 24    Str: 29    XL:     16   Next: 87%
Magic:  15/15      EV: 12    Int:  6    God:    Trog [******]
Gold:   2367       SH:  4    Dex: 10    Spells: 15/15 levels left

rFire    + + .     SeeInvis .   g - +7 falchion of Trog's Supremacy {flame, rN+}
rCold    . . .     Faith    .   Y - +0 buckler of Precision Catastrophes {rC+ Int+2}
rNeg     + . .     Spirit   .   N - +1 fire dragon scales
rPois    +         Reflect  .   S - +2 hat {Will+}
rElec    .         Harm     .   h - +2 cloak
rCorr    .         Rampage  .   Q - +2 pair of gloves {archery}
Will     ++...                  V - +2 pair of boots {Fly}
Stlth    ..........             s - amulet of the acrobat
HPRegen  0.37/turn              m - ring of poison resistance
MPRegen  0.14/turn              T - +4 ring of slaying

@: lethally poisoned (-5 -> -12), flying, constricted
A: retaliatory headbutt, horns 2
a: Stop Flying, Renounce Religion, Berserk, Trog's Hand, Brothers in Arms


You were on level 4 of the Snake Pit.
You worshipped Trog.
Trog was exalted by your worship.
You visited 4 branches of the dungeon, and saw 27 of its levels.
You also visited: Bailey.

You collected 3517 gold pieces.
You spent 1150 gold pieces at shops.

Inventory:

Hand Weapons
 g - the +7 falchion of Trog's Supremacy (weapon) {flame, rN+}
   (Trog gifted it to you on level 1 of the Snake Pit)

   It has been specially enchanted to burn those struck by it, causing extra
   injury to most foes and up to half again as much damage against particularly
   susceptible opponents.
   Big, fiery blades are also staple armaments of hydra-hunters.
   It protects you from negative energy.
 n - a +2 scimitar of holy wrath
 L - the +8 hunting sling "Saatriec" {freeze, rElec rF+ Str-5 Int+6}
   (You found it in a bailey)

   It causes projectiles fired from it to freeze those they strike, causing
   extra injury to most foes and up to half again as much damage against
   particularly susceptible opponents.
   They can also slow down cold-blooded creatures.
   It affects your strength (-5).
   It affects your intelligence (+6).
   It protects you from fire.
   It insulates you from electricity.
 W - a +6 antimagic double sword
Missiles
 f - 224 sling bullets
 q - 456 stones
 u - 370 bolts
Armour
 h - a +2 cloak (worn)
 l - a +4 plate armour of poison resistance
 M - a +0 kite shield
 N - +1 fire dragon scales (worn)
 Q - a +2 pair of gloves of archery (worn)
 S - a +2 hat of willpower (worn)
 V - a +2 pair of boots of flying (worn)
 Y - the +0 buckler of Precision Catastrophes (worn) {rC+ Int+2}
   (You bought it in a shop on level 3 of the Snake Pit)

   It affects your intelligence (+2).
   It protects you from cold.
Jewellery
 a - an uncursed ring of protection from fire
 k - an uncursed ring of willpower
 m - a ring of poison resistance (left hand)
 o - an uncursed ring of see invisible
 s - an amulet of the acrobat (around neck)
 y - an uncursed ring of protection from fire
 B - an uncursed ring of willpower
 I - an uncursed ring of stealth
 T - a +4 ring of slaying (right hand)
Wands
 d - a wand of flame (28)
 r - a wand of digging (7)
 t - a wand of iceblast (2)
 A - a wand of random effects (60)
 J - a wand of acid (14)
 P - a wand of disintegration (3)
Scrolls
 p - a scroll of magic mapping
 v - 5 scrolls of fog
 C - 8 scrolls of remove curse
 D - 4 scrolls of fear
 G - 3 scrolls of blinking
 H - 9 scrolls of teleportation
 Z - 2 scrolls of summoning
Potions
 e - 4 potions of heal wounds
 i - 11 potions of curing
 j - 2 potions of cancellation
 w - 4 potions of haste
 z - 4 potions of resistance
 F - 3 potions of ambrosia
 K - 2 potions of invisibility
 O - 4 potions of might {unknown}
 U - a potion of berserk rage {unknown}
 X - a potion of experience {unknown}
Miscellaneous
 c - a phial of floods
 x - a box of beasts
 E - a condenser vane (inert)
 R - a lightning rod (3/4)


   Skills:
 + Level 21.4 Fighting
 - Level 16.1 Long Blades
 - Level 12.2 Slings
 - Level 8.2 Armour
 + Level 11.7 Dodging
 - Level 0.1 Stealth
 - Level 4.3 Shields
 * Level 9.5 Evocations


You had 15 spell levels left.
You didn't know any spells.
Your spell library was empty.

Dungeon Overview and Level Annotations

Branches:
Dungeon (15/15)            Temple (0/1) D:7            Lair (6/6) D:9
 Shoals (0/4) Lair:3        Snake (4/4) Lair:2        Slime (0/5) Lair:5
    Orc (2/2) D:10            Elf (0/3) Orc:2        Vaults (0/5) D:13
 Depths (0/5) D:15         Bailey (visited)

Altars:
Cheibriados
Dithmenos
Fedhas
Makhleb
Okawaru
Ru
Uskayaw
Vehumet
Wu Jian
Xom
Yredelemnul
Zin
Jiyva

Shops:
D:4 :   D:5 (   D:7 [(*??   D:10 ?   D:13 *   Orc:1 [   Orc:2 *[([
Snake:3 **}[

Annotations:
D:6 exclusion: statue


Innate Abilities, Weirdness & Mutations

You reflexively headbutt those who attack you in melee.
You have a pair of horns on your head.


Message History

* * * LOW HITPOINT WARNING * * *
The shock serpent is poisoned.
The naga barely misses you. The naga spits poison at you.
The splash of poison misses you.
The splash of poison hits the salamander.
The salamander looks as sick as possible!
The naga warrior spits poison at you. The splash of poison misses you.
The splash of poison hits the naga warrior but does no damage.
The naga warrior is poisoned.
The shock serpent is engulfed in poison gas.
The shock serpent looks as sick as possible!
You kill the shock serpent!
Trog accepts your kill.
The guardian serpent casts a spell at you.
The salamander blinks!
The salamander is engulfed in poison gas.
The salamander looks as sick as possible!
The salamander hits you with a +0 halberd!
You die...

......# #.....#
#.....#
##.....####
#..........
###§§S§§.....
###§.§NNNN§....
.§§§(NN@SN§§(..
.§§§.§NNN§§§...
.....§§NN§§§§§§
...$..§§§NN§§N§
.........N§§§§§
...............
...........§§§☼
...........§§§§


You could see 5 naga warriors, a naga sharpshooter, 2 salamanders, a shock
serpent (poisoned), a guardian serpent, a naga mage (fast) and 7 nagas.

Vanquished Creatures
  Gastronok (D:8)
  Kirke (Lair:6)
  A nagaraja (Snake:2)
  Aizul (Snake:3)
  An orc warlord (Orc:2)
  Louise (D:14)
  A stone giant (Orc:1)
  Azrael (Orc:2)
  The ghost of Almogavar the Cleaver, a journeyman HOFi of Makhleb (Orc:1)
  An ettin (Orc:1)
  The ghost of tamionv the Impaler, a journeyman MfGl of Gozag (Lair:2)
  Erolcha (Orc:2)
  6 hydras
  A great orb of eyes (D:13)
  2 boulder beetles
  5 naga warriors
  3 catoblepae (Lair:6)
  5 anacondas (Snake:3)
  3 two-headed ogres
  3 centaur warriors
  Erica (D:8)
  A dancing weapon (Orc:1)
  3 orc high priests
  9 naga sharpshooters
  6 death yaks (Lair:6)
  3 shock serpents
  Nergalle (Lair:2)
  A deep elf knight (D:13)
  A salamander mystic (Snake:3)
  A deep troll (shapeshifter) (D:13)
  2 unseen horrors (D:11)
  4 naga ritualists
  Pikel (D:8)
  A necromancer (D:15)
  2 wolf spider zombies
  6 orc sorcerers
  8 mana vipers
  4 deep elf magi (D:15)
  6 orc knights
  3 oklob plants (Lair:1)
  A wolf spider (D:15)
  12 ugly things
  4 cyclopes
  3 manticores
  7 salamanders
  5 centaur zombies
  16 elephants
  4 guardian serpents
  2 torpor snails (Lair:5)
  14 naga magi
  26 black mambas
  13 cane toads
  2 efreet
  4 gargoyles
  3 rime drakes
  2 yaktaurs (shapeshifter) (D:13)
  A kobold demonologist (D:11)
  16 komodo dragons
  A tengu conjurer (D:14)
  5 trolls
  4 polar bears
  A meliai (shapeshifter) (D:15)
  A meliai zombie (D:12)
  A hornet (D:14)
  8 blink frogs
  2 centaur simulacra
  A snapping turtle (Lair:3)
  A shadow (D:15)
  72 yaks
  Sigmund (D:6)
  9 wyverns
  4 wraiths
  Grum (D:10)
  6 hogs (Lair:6)
  3 fire elementals (Orc:2)
  A steam dragon (D:13)
  4 vampire mosquitoes (D:12)
  4 basilisks
  Menkaure (D:5)
  33 nagas
  3 wargs
  An acid dragon (D:14)
  15 water moccasins
  5 hell hounds (Orc:2)
  A floating eye (Lair:1)
  Duvessa (D:6)
  An eye of draining (D:15)
  4 ice beasts
  25 orc warriors
  5 sky beasts
  A black bear (shapeshifter) (D:13)
  A necrophage (D:10)
  5 ogres
  3 phantoms
  33 wolves
  12 centaurs
  A lemure (D:8)
  3 big kobolds
  17 bullfrogs
  2 gnoll sergeants
  A wyvern skeleton (D:14)
  A wyvern zombie (D:13)
  4 scorpions
  Dowan (D:6)
  9 killer bees
  3 electric eels
  A howler monkey (D:6)
  11 wights
  A bullfrog zombie (D:5)
  8 jellies
  6 hounds
  A gnoll shaman (D:7)
  6 centaur skeletons
  25 orc priests
  25 orc wizards
  5 bullfrog skeletons
  Crazy Yiuf (D:4)
  2 iguanas
  7 worker ants
  2 hound skeletons (D:11)
  4 worker ant zombies
  20 gnolls
  A howler monkey skeleton (D:6)
  17 adders
  A shadow imp (D:6)
  A white imp (D:9)
  3 ufetubi
  An adder zombie (D:2)
  An adder skeleton (D:4)
  3 worms
  2 dart slugs
  5 leopard geckos
  73 orcs
  11 bats
  A bat skeleton (D:2)
  3 giant cockroaches
  18 goblins
  6 hobgoblins
  14 jackals
  35 kobolds
  4 quokkas
  3 ball pythons
  7 frilled lizards
  2 quokka skeletons
  9 rats
907 creatures vanquished.

Vanquished Creatures (others)
  A water elemental (D:15)
  An electric eel (D:15)
  An orc wizard (Orc:2)
  21 fungi
  30 plants
  2 withered plants (D:2)
56 creatures vanquished.

Grand Total: 963 creatures vanquished

Notes
Turn   | Place    | Note
-------+----------+-------------------------------------------
     0 | D:1      | Almogavar the Minotaur Berserker began the quest for the
                  | Orb.
     0 | D:1      | Reached XP level 1. HP: 19/19 MP: 0/0
   143 | D:1      | Reached XP level 2. HP: 23/27 MP: 1/1
   188 | D:1      | Reached skill level 4 in Fighting
   679 | D:1      | Reached XP level 3. HP: 33/33 MP: 2/2
   876 | D:2      | Reached ** piety under Trog
   915 | D:2      | Found a sacrificial altar of Ru.
  1043 | D:2      | Found a faded altar of an unknown god.
  1240 | D:2      | Reached skill level 5 in Long Blades
  1240 | D:2      | Reached XP level 4. HP: 25/40 MP: 3/3
  1400 | D:2      | Found a hide-covered altar of Uskayaw.
  2064 | D:3      | Reached XP level 5. HP: 38/47 MP: 4/4
  2581 | D:3      | Reached *** piety under Trog
  2905 | D:4      | Got a fine robe
  2916 | D:4      | Identified the cursed +1 robe of Zaofus {Int+4} (You found
                  | it on level 4 of the Dungeon)
  2968 | D:4      | Found a shadowy altar of Dithmenos.
  3302 | D:4      | Reached skill level 1 in Shields
  3460 | D:4      | Reached XP level 6. HP: 47/55 MP: 5/5
  3613 | D:4      | Found Rodwuk's Book Boutique.
  3665 | D:4      | Found a runed translucent door.
  3666 | D:4      | Noticed Crazy Yiuf
  3673 | D:4      | Killed Crazy Yiuf
  3674 | D:4      | Reached skill level 5 in Fighting
  3821 | D:4      | Found a basalt altar of Yredelemnul.
  3872 | D:5      | Entered Level 5 of the Dungeon
  4068 | D:5      | Noticed a sky beast
  4076 | D:5      | Killed a sky beast
  4350 | D:5      | Reached XP level 7. HP: 61/61 MP: 6/6
  4901 | D:5      | Found Lauza's Weapon Shop.
  5228 | D:5      | Got an ichor-stained leather armour
  5248 | D:5      | Identified the +0 leather armour "Ruthaysm" {rElec Stlth+}
                  | (You found it on level 5 of the Dungeon)
  5253 | D:5      | Noticed Menkaure
  5257 | D:5      | Killed Menkaure
  5258 | D:5      | Reached skill level 6 in Fighting
  5545 | D:5      | Reached skill level 5 in Dodging
  5545 | D:5      | Reached XP level 8. HP: 70/70 MP: 7/7
  5665 | D:6      | Noticed Sigmund
  5674 | D:6      | Killed Sigmund
  5944 | D:6      | Noticed Duvessa
  5944 | D:6      | Noticed Dowan
  5951 | D:6      | Killed Dowan
  5959 | D:6      | Killed Duvessa
  6055 | D:6      | Reached **** piety under Trog
  6068 | D:6      | Reached skill level 7 in Fighting
  6316 | D:6      | Reached XP level 9. HP: 79/79 MP: 8/8
  6324 | D:6      | Reached skill level 10 in Long Blades
  6338 | D:6      | Reached skill level 8 in Fighting
  6651 | D:6      | Found a radiant altar of Vehumet.
  6803 | D:6      | Found a burning altar of Makhleb.
  6804 | D:6      | Found an ornate altar of the Wu Jian Council.
  7092 | D:7      | Found Bidurr Zige's Magic Scroll Emporium.
  7101 | D:7      | Bought a scroll of blinking for 82 gold pieces
  7155 | D:7      | Found Aqylacif's Magic Scroll Shop.
  7593 | D:7      | Found Vaschik's Assorted Antiques.
  7671 | D:7      | Reached skill level 9 in Fighting
  7679 | D:7      | Found a staircase to the Ecumenical Temple.
  7686 | D:7      | Found Xatixt's Weapon Shoppe.
  7705 | D:7      | Reached XP level 10. HP: 91/91 MP: 9/9
  8150 | D:7      | Found Ficeti's Antique Armour Boutique.
  8434 | D:8      | Found a flagged portal.
  8441 | D:8      | Reached ***** piety under Trog
  8451 | Bailey   | Entered a bailey
  8577 | Bailey   | Noticed an orc knight
  8588 | Bailey   | Killed an orc knight
  8882 | Bailey   | Got a faintly glowing hunting sling
  9268 | D:8      | Noticed a two-headed ogre
  9277 | D:8      | Killed a two-headed ogre
  9278 | D:8      | Reached skill level 5 in Armour
  9401 | D:8      | Found an iron altar of Okawaru.
  9436 | D:8      | Reached skill level 10 in Fighting
  9474 | D:8      | Found a blossoming altar of Fedhas.
  9524 | D:8      | Noticed a cyclops
  9527 | D:8      | Killed a cyclops
  9623 | D:8      | Noticed Pikel
  9627 | D:8      | Killed Pikel
  9751 | D:8      | Reached skill level 1 in Evocations
 10061 | D:8      | Noticed Gastronok
 10061 | D:8      | Noticed Erica
 10080 | D:8      | Killed Erica
 10080 | D:8      | Received a gift from Trog
 10081 | D:8      | Reached XP level 11. HP: 101/101 MP: 10/10
 10092 | D:8      | Killed Gastronok
 10442 | D:9      | Found a staircase to the Lair.
 10606 | D:9      | Found a glowing silver altar of Zin.
 10632 | D:9      | Reached skill level 11 in Fighting
 11242 | D:10     | Entered Level 10 of the Dungeon
 11298 | D:10     | Noticed Grum
 11310 | D:10     | Killed Grum
 11408 | D:10     | Noticed a two-headed ogre
 11413 | D:10     | Killed a two-headed ogre
 11670 | D:10     | Found Laagiuh's Magic Scroll Shop.
 11679 | D:10     | Bought a scroll of identify for 26 gold pieces
 12196 | D:10     | Found a staircase to the Orcish Mines.
 12474 | Orc:1    | Entered Level 1 of the Orcish Mines
 12699 | Orc:1    | Found Dietaahu's Antique Armour Emporium.
 12745 | Orc:1    | Noticed an ettin
 12753 | Orc:1    | Killed an ettin
 12755 | Orc:1    | Noticed a stone giant
 12764 | Orc:1    | HP: 7/156 [stone giant (33)]
 12766 | Orc:1    | Killed a stone giant
 12767 | Orc:1    | Reached skill level 12 in Fighting
 12767 | Orc:1    | Reached skill level 1 in Slings
 12767 | Orc:1    | Reached XP level 12. HP: 8/112 MP: 11/11
 13090 | Orc:1    | Found a runed translucent door.
 13155 | Orc:1    | Found a shimmering altar of Xom.
 13155 | Orc:1    | Noticed Almogavar's ghost (journeyman HOFi)
 13291 | Orc:1    | Killed Almogavar's ghost
 13389 | Orc:2    | Entered Level 2 of the Orcish Mines
 13429 | Orc:2    | Noticed Azrael
 13460 | Orc:2    | Killed Azrael
 13765 | Orc:2    | Noticed Erolcha
 13776 | Orc:2    | Reached skill level 13 in Fighting
 13783 | Orc:2    | Killed Erolcha
 13796 | Orc:2    | Reached skill level 10 in Dodging
 13801 | Orc:2    | Found a staircase to the Elven Halls.
 13860 | Orc:1    | Received a gift from Trog
 14003 | Orc:2    | Identified the +8 hunting sling "Saatriec" {freeze, rElec
                  | rF+ Str-5 Int+6} (You found it in a bailey)
 14047 | Orc:2    | Noticed an orc warlord
 14097 | Orc:2    | Killed an orc warlord
 14098 | Orc:2    | Reached skill level 5 in Slings
 14657 | Orc:2    | Noticed an orc high priest
 14860 | Orc:1    | Killed an orc high priest
 15133 | Orc:2    | Noticed an orc high priest
 15141 | Orc:2    | Killed an orc high priest
 15233 | Orc:2    | Noticed an orc high priest
 15252 | Orc:2    | Killed an orc high priest
 15253 | Orc:2    | Reached skill level 14 in Fighting
 15559 | Orc:2    | Reached XP level 13. HP: 100/124 MP: 12/12
 15749 | Orc:2    | Found Kyskium's Antique Armour Shop.
 15749 | Orc:2    | Found Xuan's Weapon Shop.
 15751 | Orc:2    | Found Campuh Kiul's Armour Shoppe.
 15751 | Orc:2    | Found Buprulip's Assorted Antiques.
 15766 | Orc:2    | Bought a scroll of enchant armour for 187 gold pieces
 15782 | Orc:2    | Bought a pair of embroidered boots for 232 gold pieces
 15957 | Lair:1   | Entered Level 1 of the Lair of Beasts
 16750 | Lair:1   | Paralysed by a floating eye for 4 turns
 17676 | Lair:2   | Reached skill level 10 in Slings
 17731 | Lair:2   | Found a staircase to the Snake Pit.
 18113 | Lair:2   | Received a gift from Trog
 18335 | Lair:2   | Found a transporter.
 18335 | Lair:2   | Noticed tamionv's ghost (journeyman MfGl)
 18354 | Lair:2   | Found a transporter.
 18462 | Lair:2   | Noticed Nergalle
 18472 | Lair:2   | Killed Nergalle
 18945 | Lair:2   | Killed tamionv's ghost
 18946 | Lair:2   | Reached skill level 15 in Fighting
 19593 | Lair:3   | Found a staircase to the Shoals.
 19964 | Lair:4   | Reached XP level 14. HP: 135/135 MP: 13/13
 20150 | Lair:4   | Received a gift from Trog
 21241 | Lair:5   | Reached skill level 5 in Evocations
 21407 | Lair:5   | Reached skill level 16 in Fighting
 21732 | Lair:5   | Found a viscous altar of Jiyva.
 21733 | Lair:5   | Found a staircase to the Slime Pits.
 22097 | Lair:6   | Entered Level 6 of the Lair of Beasts
 22562 | Lair:6   | Noticed Kirke
 22571 | Lair:6   | Killed Kirke
 22603 | Lair:6   | Reached skill level 17 in Fighting
 22811 | Lair:6   | Reached ****** piety under Trog
 23765 | Lair:6   | Reached skill level 15 in Long Blades
 23989 | Lair:6   | Reached XP level 15. HP: 147/147 MP: 4/14
 24629 | D:11     | Received a gift from Trog
 26187 | D:12     | Received a gift from Trog
 27009 | D:13     | Reached skill level 18 in Fighting
 27404 | D:13     | Found a gate to the Vaults.
 27522 | D:13     | Identified Dor Hik Osi's Disquisition on the Congealing
                  | Birds
 28365 | D:13     | Found Wiususo's Demolitions Depot.
 29266 | D:14     | Noticed Louise
 29284 | D:14     | Killed Louise
 29395 | D:14     | Received a gift from Trog
 29617 | D:14     | You are sucked into a shaft and drop 1 floor!
 29617 | D:15     | Entered Level 15 of the Dungeon
 30116 | D:15     | Reached skill level 19 in Fighting
 30373 | D:15     | Found a staircase to the Depths.
 31932 | Snake:1  | Entered Level 1 of the Snake Pit
 32098 | Snake:1  | Reached XP level 16. HP: 161/161 MP: 5/15
 32747 | Snake:1  | Received a gift from Trog
 32750 | Snake:1  | Got a glimmering falchion {god gift}
 32751 | Snake:1  | Identified the +7 falchion of Trog's Supremacy {flame, rN+}
                  | (Trog gifted it to you on level 1 of the Snake Pit)
 33492 | Snake:2  | Reached skill level 20 in Fighting
 33540 | Snake:2  | Found a snail-covered altar of Cheibriados.
 34832 | Snake:3  | Noticed Aizul
 34847 | Snake:3  | Killed Aizul
 35497 | Snake:3  | Found Viab's Gadget Shop.
 35497 | Snake:3  | Found Fecles Odakk's Assorted Antiques.
 35499 | Snake:3  | Found Zonuih's Assorted Antiques.
 35501 | Snake:3  | Found Zuot's Antique Armour Shop.
 35507 | Snake:3  | Bought a scroll of enchant armour for 300 gold pieces
 35512 | Snake:3  | Bought a twisted buckler for 323 gold pieces
 35522 | Snake:3  | Identified the +0 buckler of Precision Catastrophes {rC+
                  | Int+2} (You bought it in a shop on level 3 of the Snake
                  | Pit)
 35546 | Snake:3  | Reached skill level 21 in Fighting
 35998 | Snake:3  | Received a gift from Trog
 36940 | Snake:4  | Entered Level 4 of the Snake Pit
 36957 | Snake:4  | Slain by a salamander

Illustrated notes

Levels and vault maps discovered:
D:1:      dpeg_arrival_line_fractal, layout_loops_ring
D:2:      minmay_wonky_spiral, layout_rooms, eat_drink_and_be_merry_uskayaw,
          general_overflow_altar, serial_undead, serial_undead_b,
          serial_undead_c, serial_undead_e, serial_undead_d,
          chequers_ecumenical_altar_grove, hangedman_decor_clover_reticule,
          chequers_serial_rivers_marsh
D:3:      layout_basic
D:4:      layout_loops_ring, lemuel_round_altar, serial_shops, shop,
          nicolae_dithmenos_through_a_glass_darkly, uniq_crazy_yiuf_cottage
D:5:      layout_layer_cave, serial_shops, shop, uniq_menkaure
D:6:      layout_loops_ring, vehumet_statue, nicolae_overflow_hidden_temple,
          uniq_sigmund, uniq_duvessa
D:7:      layout_loops_ring, minmay_temple_entry_waves, serial_shops, shop,
          nicolae_shop_overgrown_old_shop, shop, nicolae_shop_stone,
          nicolae_shop_stone
D:8:      layout_loops_corners, lemuel_crystal_altar, fedhas_altar_3,
          enter_bailey_3, kennysheep_just_a_vault, uniq_pikel, uniq_erica,
          uniq_gastronok
D:9:      layout_basic, zin_academy, erik_lair_orcish_takeover
D:10:     layout_stronghold, orc_0_dummy, serial_shops, nicolae_shop_crystal,
          lemuel_old_faithful, uniq_grum
D:11:     layout_roguey
D:12:     layout_gridville, nicolae_water_bricks, nrook_guardian_serpent_double
D:13:     minmay_the_grid_octo_triangle [minmay_the_grid_octo_concentric,
          minmay_the_grid_octo_prize_ultimate_mussel_roller,
          minmay_the_grid_octo_teeth], layout_gridville, david_vaults_2,
          nicolae_blasting_shop
D:14:     layout_rooms, minmay_hedge_maze, kennysheep_windowed_goal, uniq_louise
D:15:     grunt_enter_depths_magical_seal, layout_cave_pods,
          minmay_misc_feat_encased, lemuel_freeze_loot_1
Lair:1:   layout_layer_cave, disabler_island, grunt_megastairs_5
Lair:2:   layout_roguey, guppyfry_snake_entry_island, gammafunk_ghost_arena,
          minivault_24, uniq_nergalle
Lair:3:   layout_roguey, minmay_shoals_entry_hut, lemuel_fruit_tree
Lair:4:   layout_small_grid, grunt_megastairs_2
Lair:5:   layout_long_grid, slime_altar_1, serial_bayou_shore_a
Lair:6:   evilmike_catoblepas_cave, layout_long_grid, wad_woods_road_06,
          infiniplex_staircase_pool, uniq_kirke
Snake:1:  layout_cave_pods, grunt_ministairs_13, st_stairs_7
Snake:2:  layout_onion_interference, basic_altar, grunt_megastairs_3
Snake:3:  layout_layer_cave, grunt_ministairs_12, minmay_shoptagon, uniq_aizul
Snake:4:  johnstein_snake_rune_scales, layout_cave_town, uniq_vashnia,
          uniq_asterion, uniq_nikola
Orc:1:    layout_caves, serial_shops, shop, ebering_ghost_xom
Orc:2:    st_orc_elflike, layout_caves, uniq_erolcha, uniq_azrael

Skill      XL: |  1  2  3  4  5  6  7  8  9 10 11 12 13 14 15 16 |
---------------+-------------------------------------------------+-----
Fighting       | 4 5 6 7 9 10 12 14 15 17 19 21 | 21.4
Long Blades    | 4 5 6 8 9 11 13 14 15 16 | 16.1
Armour         | 3 4 5 8 |  8.2
Dodging        | 3 4 5 6 7 8 9 10 11 | 11.7
Shields        | 1 2 3 4 |  4.3
Evocations     | 1 3 4 6 8 9 |  9.5
Slings         | 1 7 12 | 12.2
Stealth        | |  0.1

Action                   |  1- 3 |  4- 6 |  7- 9 | 10-12 | 13-15 | 16-18 || total
-------------------------+-------+-------+-------+-------+-------+-------++-------
Melee: Falchion          |    92 |   162 |   276 |       |       |   112 ||   642
       Headbutt          |    12 |    37 |    75 |   147 |   126 |    42 ||   439
       Scimitar          |       |       |    17 |   575 |   161 |       ||   753
       Double sword      |       |       |       |       |   263 |    15 ||   278
       Great sword       |       |       |       |       |     8 |       ||     8
 Fire: Hunting sling     |       |       |       |    67 |  1068 |   377 ||  1512
Invok: Berserk           |       |     1 |     5 |     7 |     2 |       ||    15
       Trog's Hand       |       |       |     2 |     6 |     1 |       ||     9
Evoke: Wand              |       |       |       |    26 |     7 |     5 ||    38
       Lightning rod     |       |       |       |       |       |     1 ||     1
       Condenser vane    |       |       |       |       |       |     1 ||     1
  Use: Scroll            |       |       |     8 |     7 |    18 |     6 ||    39
       Potion            |       |       |       |     1 |       |     3 ||     4
 Stab: Sleeping          |       |       |     5 |     1 |       |       ||     6
       Petrified         |       |       |       |       |     2 |       ||     2
Armor: Animal skin       |     4 |       |       |       |       |       ||     4
       Leather armour    |    24 |    13 |    34 |    21 |       |       ||    92
       Robe              |       |    18 |     5 |       |       |       ||    23
       Fire dragon scale |       |       |       |   148 |   224 |    96 ||   468
Dodge: Dodged            |    55 |   103 |   152 |   319 |   305 |   120 ||  1054
Block: Buckler           |     4 |    19 |    47 |   110 |    19 |    26 ||   225
       Rpst.: Falchion   |     9 |    27 |    39 |       |       |    17 ||    92
       Scimitar          |       |       |     1 |    63 |    22 |       ||    86
       Double sword      |       |       |       |       |    39 |     1 ||    40
       Great sword       |       |       |       |       |     1 |       ||     1
